 Dungeon Crawl Stone Soup version 0.18.1-48-g4cf74bf (webtiles) character file.

101 Alarkh the Poker (level 4, -6/33 HPs)
             Began as a Mummy Skald on July 20, 2016.
             Killed from afar by an orc wizard (15 damage)
             ... with a puff of flame
             ... on level 3 of the Dungeon.
             The game lasted 00:03:05 (2189 turns).

Alarkh the Poker (Mummy Skald)                      Turns: 2189, Time: 00:03:07

Health: -6/33      AC:  3    Str: 15    XL:     4   Next: 48%
Magic:  0/7        EV: 14    Int: 12    God:
Gold:   116        SH:  0    Dex: 11    Spells: 3 memorised, 1 level left

rFire  x . .     SeeInvis .     e - +0 trident
rCold  + . .     Gourm    .     b - +0 leather armour
rNeg   + + +     Faith    .     (no shield)
rPois  ∞         Spirit   .     (no helmet)
rElec  .         Dismiss  .     (no cloak)
rCorr  .         Reflect  .     (no gloves)
SustAt .         Harm     .     (no boots)
MR     .....     Rnd*Tele +     (no amulet)
Stlth  +.........               h - ring of teleportation (curse)
                                f - +3 ring of evasion

@: infused, not resistant to hostile enchantments, very unstealthy
A: no food or potions, fire vulnerability, cold resistance 1, negative energy
resistance 3, torment resistance, unbreathing
a: no special abilities


You were on level 3 of the Dungeon.
You were not hungry.

You visited 1 branch of the dungeon, and saw 3 of its levels.

You collected 116 gold pieces.

Inventory:

Hand Weapons
 a - a +0 spear
 e - a +0 trident (weapon)
Armour
 b - a +0 leather armour (worn)
Jewellery
 f - a +3 ring of evasion (left hand)
 h - a cursed ring of teleportation (right hand)
Wands
 i - a wand of disintegration (14/24)
Scrolls
 d - a scroll of magic mapping
 g - a scroll of teleportation
Books
 c - a book of Battle

   Spells                             Type                      Level
   a - Infusion                       Charms                       1
   b - Shroud of Golubria             Charms/Translocation         2
   c - Song of Slaying                Charms                       2
   d - Spectral Weapon                Hexes/Charms                 3
   e - Regeneration                   Charms/Necromancy            3


   Skills:
 - Level 2.0 Fighting
 * Level 3.9 Polearms
 - Level 0.7 Armour
 - Level 0.7 Dodging
 - Level 2.0 Spellcasting
 - Level 2.4 Charms


You had one spell level left.
You knew the following spells:

 Your Spells              Type           Power        Failure   Level  Hunger
a - Infusion              Chrm           #...         14%         1    N/A
b - Shroud of Golubria    Chrm/Tloc      #.........   34%         2    N/A
c - Spectral Weapon       Hex/Chrm       #.......     69%         3    N/A

Dungeon Overview and Level Annotations

Branches:
Dungeon (3/15)

Altars:
Zin


Innate Abilities, Weirdness & Mutations

You do not eat or drink.
Your flesh is vulnerable to fire.
You are immune to poison.
Your flesh is cold resistant.
You are immune to negative energy.
You are immune to unholy pain and torment.
You can survive without breathing.


Message History

Attack whom?
Press: ? - help, Dir - move target cursor, f/p - orc
Aim: an orc, wearing a ring mail (unusually agile)
You reach to attack!
You hit the orc!
You kill the orc!
You hear some strange, mumbled words.
The bat closely misses you.
You hit something. The bat closely misses you. Something hits you.
Something closely misses you.
You closely miss something. Something barely misses you.
You hear some strange, mumbled words.
A magic dart appears from out of thin air!
The magic dart hits you!
You miss something. The bat misses you. Something hits you.
* * * LOW HITPOINT WARNING * * *
The bat barely misses you.
You hear some strange, mumbled words.
A puff of flame appears from out of thin air!
The puff of flame hits you! The fire burns you terribly!
You die...

.## .. #.# .. #. ##.# .
#[. .## #{# ..# #.
###@# . #.# #...#.#b#
...###.####.#....#
..ooo................_.
#<####.#....#..... #.#
# ##.#.#..... #.# ..#.#
.g.. #.# ##.#.# ##.#
..# #.#.. ..


You could see a bat.

Vanquished Creatures
  An adder (D:2)
  2 gnolls (D:2)
  A worm (D:2)
  5 giant geckos
  5 orcs
  2 ball pythons
  3 giant cockroaches
  11 goblins
  3 hobgoblins (D:1)
  4 jackals (D:1)
  5 kobolds
  A quokka (D:1)
  8 bats
  2 giant newts
  2 rats (D:1)
55 creatures vanquished.

Notes
Turn   | Place    | Note
--------------------------------------------------------------
     0 | D:1      | Alarkh the Mummy Skald began the quest for the Orb.
     0 | D:1      | Reached XP level 1. HP: 16/16 MP: 3/3
    18 | D:1      | Reached skill level 2 in Polearms
   202 | D:1      | Reached XP level 2. HP: 19/22 MP: 0/5
   730 | D:1      | Reached XP level 3. HP: 23/27 MP: 0/6
   734 | D:1      | Learned a level 2 spell: Shroud of Golubria
   738 | D:1      | Learned a level 3 spell: Spectral Weapon
   999 | D:2      | Reached skill level 3 in Polearms
  1657 | D:2      | Reached XP level 4. HP: 20/33 MP: 1/7
  2169 | D:3      | Found a glowing silver altar of Zin.
  2189 | D:3      | Killed from afar by an orc wizard

Skill      XL: |  1  2  3 |
---------------+----------+-----
Polearms       | 2 3 |  3.9
Fighting       | |  2.0
Armour         | |  0.7
Dodging        | |  0.7
Spellcasting   | |  2.0
Charms         | |  2.4

Action                   |  1- 3 |  4- 6 || total
-------------------------+-------+-------++-------
Melee: Spear             |   163 |    12 ||   175
       Trident           |       |    34 ||    34
 Cast: Infusion          |    24 |     5 ||    29
       Shroud of Golubri |       |     1 ||     1
  Use: Scroll            |     2 |       ||     2
Armor: Leather armour    |    33 |     9 ||    42
Dodge: Dodged            |    94 |    35 ||   129
